AoeStats
← Palomekiu

Lombardia

509693801Analyzed
3v3 RM · 5d ago on Sep 27, 2026· 31m 50s· 6 players
Game mode
Random Map
Map size
Normal (6 player)
Population
200
Speed
Normal
Resources
Standard
Victory
Conquest
Starting age
Dark Age
Ending age
Imperial Age
RankedLock teamsTeams togetherTeam positionsShared explorationLock speedFull tech treeHidden civsTurbo modeCheats
Victory
Defeat
🇦🇷 Magyars · Argentina
1206
+13
🇦🇷 Mongols · Argentina
1200
+13
🇦🇷 Franks · Argentina
1039
+19
🇺🇸 Varangians · United States
1176
-17
🇫🇷 Celts · France
1129
-15
🇨🇦 Vietnamese · Canada
1078
-13
BiggM4k
5:12 Loom
10:44 Feudal Age
14:30 Double-Bit Axe
18:24 Castle Age
16:44 Horse Collar
19:11 Bloodlines
19:07 Husbandry
19:37 Gold Mining
21:07 Husbandry
22:24 Heavy Plow
23:47 Scale Barding Armor
24:09 Forging
24:37 Bloodlines
26:00 Iron Casting
29:37 Wheelbarrow
29:37 Bow Saw
29:17 Town Watch
philofisaur
6:39 Loom
9:16 Feudal Age
11:31 Bloodlines
12:48 Scale Barding Armor
12:58 Forging
15:21 Scale Barding Armor
21:39 Horse Collar
22:59 Double-Bit Axe
25:18 Castle Age
23:22 Double-Bit Axe
26:35 Chain Barding Armor
25:45 Light Cavalry
28:21 Gold Mining
29:21 Iron Casting
29:21 Husbandry
30:14 Heavy Plow
30:26 Bow Saw
Alcaz
Sgto. Cabral
7:20 Loom
10:46 Feudal Age
11:13 Double-Bit Axe
13:17 Horse Collar
21:51 Castle Age
20:35 Scale Barding Armor
23:21 Husbandry
23:54 Chain Barding Armor
28:48 Fletching
29:01 Heavy Plow
28:55 Gold Mining
29:20 Bow Saw
29:33 Stone Mining
30:45 Wheelbarrow
31:46 Gold Shaft Mining
stonereader
8:56 Feudal Age
9:40 Double-Bit Axe
10:44 Loom
17:49 Castle Age
16:42 Gold Mining
19:39 Pikeman
23:11 Fletching
26:47 Bodkin Arrow
27:18 Ballistics
31:50 Padded Archer Armor
Palomekiu
7:02 Loom
9:28 Feudal Age
13:40 Double-Bit Axe
22:20 Castle Age
23:32 Bow Saw
26:34 Scale Barding Armor
29:31 Chain Barding Armor
31:51 Forging
Connection lost

Rejoining the realm…

Still unreachable

The connection could not be restored.

Session expired

The server has moved on; the page needs a fresh start.